 Dungeon Crawl Stone Soup version 0.26-a0-1205-g4083c211ab (webtiles) character file.

Game seed: 3388361784290548386

903 raph the Carver (level 7, -7/56 HPs)
             Began as a Minotaur Gladiator on Dec 29, 2020.
             Killed from afar by an electric eel (14 damage)
             ... with a bolt of electricity
             ... on level 5 of the Dungeon.
             The game lasted 00:05:51 (3642 turns).

raph the Carver (Minotaur Gladiator)                Turns: 3642, Time: 00:05:52

Health: -7/56      AC: 13    Str: 19    XL:     7   Next: 80%
Magic:  6/6        EV:  8    Int:  5    God:
Gold:   244        SH:  0    Dex: 13    Spells: 6/6 levels left

rFire    . . .     SeeInvis .   a - +1 long sword
rCold    + . .     Faith    .   (no shield)
rNeg     . . .     Spirit   .   o - +0 chain mail
rPois    +         Reflect  .   c - +0 hat
rElec    .         Harm     .   j - +2 cloak
rCorr    .         Rampage  .   (no gloves)
Will     .....     Rnd*Tele +   (no boots)
Stlth    ..........             (no amulet)
HPRegen  0.18/turn              m - ring of teleportation (curse)
MPRegen  0.10/turn              p - ring of poison resistance

@: no status effects
A: retaliatory headbutt, horns 2, icy blue scales 1, cold resistance 1, wild
magic 1
a: no special abilities


You were on level 5 of the Dungeon.
You visited 1 branch of the dungeon, and saw 5 of its levels.

You collected 244 gold pieces.

Inventory:

Hand Weapons
 a - a +1 long sword (weapon)
Missiles
 d - 3 throwing nets (quivered)
 k - 4 curare-tipped darts
 l - 9 boomerangs
Armour
 b - a +0 leather armour
 c - a +0 hat (worn)
 j - a +2 cloak (worn)
 o - a +0 chain mail (worn)
Jewellery
 e - a +6 ring of intelligence
 i - an uncursed ring of protection from fire
 m - a cursed ring of teleportation (left hand)
 p - a ring of poison resistance (right hand)
 r - an uncursed ring of see invisible
Wands
 g - a wand of iceblast (5)
 u - a wand of enslavement (9)
Scrolls
 h - 2 scrolls of identify
 q - a scroll of blinking
Potions
 f - a potion of mutation
 n - a potion of ambrosia
 s - a potion of attraction {unknown}
 t - a potion of degeneration {unknown}


   Skills:
 - Level 2.4 Fighting
 + Level 11.1 Long Blades
 - Level 2.0 Throwing
 - Level 3.2 Dodging


You had 6 spell levels left.
You didn't know any spells.
Your spell library contained the following spells:

 Spells                   Type           Power        Failure   Level
 Confusing Touch          Hex            0%           100%        3
 Gell's Gravitas          Tloc           0%           100%        3
 Petrify                  Tmut/Erth      0%           100%        4
 Metabolic Englaciation   Hex/Ice        0%           100%        5
 Yara's Violent Unravell  Hex/Tmut       0%           100%        5


Dungeon Overview and Level Annotations

Branches:
Dungeon (5/15)
 Temple: D:4-7

Altars:
Dithmenos
Fedhas
The Shining One

Annotations:
D:3 Purgy


Innate Abilities, Weirdness & Mutations

You reflexively headbutt those who attack you in melee.
You have a pair of horns on your head.
You are partially covered in icy blue scales. (AC +2)
Your flesh is cold resistant. (rC+)
Your spells are a little harder to cast, but a little more powerful.


Message History

The bolt of electricity misses you.
Evoke which item? (* to show all) (? for menu, Esc to quit)
Aiming: Iceblast
Press: ? - help, Shift-Dir - straight line The mass of ice explodes!
The iceblast engulfs the electric eel!
You kill the electric eel!
You hear a splash.
The iceblast engulfs the electric eel!
You kill the electric eel!
You hear a splash.
The iceblast engulfs the electric eel!
The electric eel is severely wounded.
Your Long Blades skill increases to level 11!
The electric eel shoots out a bolt of lightning at you!
The bolt of electricity hits you!
* * * LOW HITPOINT WARNING * * *
There is an open door here.
The electric eel shoots out a bolt of lightning at you!
The bolt of electricity hits you!
You die...

.#####......###..###...........#.
....#.......###.##.########....##
..#.#.#.....#...#.. .P.?≈##'#...
..#.#.#.....#.###.# ...≈≈;#.####
..#.....#.....###.# ..P?.;#.# #.
..#..#.........##≈# .P≈$≈≈#≈# #.
..#.##..#......#≈≈# .P≈$≈##≈# #.
##..#...#.#...##≈##########≈## #.
...#..#.#.....#.@#..P≈:≈##≈#####.
.........#....#.#'...≈.≈≈#.#.....
....###......†#.#.....(≈≈#.#.....
....# ###.....#≈#...P≈.;≈#.#.....
....# #.....#≈##..≈.?≈##.#....#
....# #.....##.########≈##....#
....# #...#..##....†≈≈≈##.....#
...## #.........###########.....#
....###.................###..^...


You could see an electric eel.

Vanquished Creatures
  2 ice beasts
  A phantom (D:4)
  A scorpion (D:4)
  2 electric eels (D:5)
  3 orc priests
  2 orc wizards
  A bullfrog skeleton (D:5)
  Terence (D:2)
  Ijyb (D:4)
  An iguana (D:4)
  Natasha (D:3)
  3 worker ants
  A worker ant zombie (D:5)
  A howler monkey skeleton (D:5)
  6 adders
  An ooze (D:4)
  2 adder skeletons
  3 leopard geckos
  9 orcs
  2 ball pythons
  8 bats
  2 giant cockroaches
  5 goblins
  6 hobgoblins
  8 jackals
  4 kobolds
  4 frilled lizards
  A jackal zombie (D:5)
  5 rats
87 creatures vanquished.

Vanquished Creatures (others)
  A plant (D:5)
1 creature vanquished.

Grand Total: 88 creatures vanquished

Notes
Turn   | Place    | Note
-------+----------+-------------------------------------------
     0 | D:1      | raph the Minotaur Gladiator began the quest for the Orb.
     0 | D:1      | Reached XP level 1. HP: 18/18 MP: 0/0
   105 | D:1      | Reached skill level 4 in Long Blades
   314 | D:1      | Reached XP level 2. HP: 25/25 MP: 1/1
   729 | D:2      | Noticed Terence
   737 | D:2      | Killed Terence
   738 | D:2      | Reached skill level 5 in Long Blades
   738 | D:2      | Reached XP level 3. HP: 25/30 MP: 2/2
   946 | D:2      | Reached skill level 6 in Long Blades
   946 | D:2      | Reached XP level 4. HP: 31/37 MP: 3/3
  1452 | D:3      | Reached XP level 5. HP: 35/42 MP: 4/4
  1453 | D:3      | Reached skill level 7 in Long Blades
  1738 | D:3      | Gained mutation: Your flesh is cold resistant. (rC+)
                  | [potion of mutation]
  1738 | D:3      | Gained mutation: You are partially covered in icy blue
                  | scales. (AC +2) [potion of mutation]
  1738 | D:3      | Gained mutation: Your spells are a little harder to cast,
                  | but a little more powerful. [potion of mutation]
  1956 | D:3      | Found a glowing golden altar of the Shining One.
  1993 | D:3      | Noticed Purgy
  2039 | D:3      | Noticed Natasha
  2041 | D:3      | Killed Natasha
  2120 | D:4      | Noticed a phantom
  2137 | D:4      | Killed a phantom
  2138 | D:4      | Reached skill level 8 in Long Blades
  2138 | D:4      | Reached XP level 6. HP: 35/50 MP: 5/5
  2245 | D:4      | Found a shadowy altar of Dithmenos.
  2249 | D:4      | Noticed Ijyb
  2266 | D:4      | Killed Ijyb
  2335 | D:4      | Reached skill level 9 in Long Blades
  2409 | D:4      | Noticed an ice beast
  2419 | D:4      | Killed an ice beast
  2420 | D:4      | Reached XP level 7. HP: 46/56 MP: 6/6
  2911 | D:4      | Reached skill level 10 in Long Blades
  3005 | D:5      | Entered Level 5 of the Dungeon
  3164 | D:5      | Found a blossoming altar of Fedhas.
  3641 | D:5      | Reached skill level 11 in Long Blades
  3642 | D:5      | Killed from afar by an electric eel

Illustrated notes

Levels and vault maps discovered:
D:1:      minmay_arrival_four_houses, layout_loops_ring
D:2:      layout_loops_ring, uniq_terence
D:3:      layout_rooms, lemuel_crystal_altar,
          chequers_temple_overflow_minitemple, serial_rivers,
          chequers_serial_rivers_room_b, chequers_serial_rivers_room_a,
          chequers_serial_rivers_large_b, chequers_serial_rivers_small_b,
          uniq_natasha, uniq_purgy
D:4:      layout_gridville, grunt_decor_arrowhead, grunt_dithmenos_smoke,
          uniq_ijyb
D:5:      cheibrodos_two_vegetables, layout_rooms, fedhas_altar_4

Skill      XL: |  1  2  3  4  5  6  7 |
---------------+----------------------+-----
Long Blades    | 4 5 6 8 9 11 | 11.1
Fighting       | |  2.4
Throwing       | |  2.0
Dodging        | |  3.2

Action                   |  1- 3 |  4- 6 |  7- 9 || total
-------------------------+-------+-------+-------++-------
Melee: Long sword        |    49 |   101 |    66 ||   216
       Headbutt          |     9 |    19 |    15 ||    43
Evoke: Wand              |       |       |     2 ||     2
  Use: Potion            |       |     4 |       ||     4
       Scroll            |       |     4 |     2 ||     6
Armor: Leather armour    |    14 |       |       ||    14
       Chain mail        |    12 |    58 |    42 ||   112
Dodge: Dodged            |    34 |    50 |    27 ||   111
       Rpst.: Long sword |    13 |    10 |    10 ||    33

Table legend: (Time is in decaauts)
 A = Elapsed time spent in this place.
 B = Non-inter-level travel time spent in this place.
 C = Inter-level travel time spent in this place.
 D = Time resting spent in this place.
 E = Time spent auto-exploring this place.
 F = Levels seen in this place.
 G = Mean time per level.
                   A        B        C        D        E       F      G
               +--------+--------+--------+--------+--------+-----+--------+
         Total |   3661 |   3567 |     94 |   1420 |   1513 |   5 |  732.2 |
       Dungeon |   3661 |   3567 |     94 |   1420 |   1513 |   5 |  732.2 |
               +--------+--------+--------+--------+--------+-----+--------+

Top non-repeatable levels by time:
     D:4: 921 daAuts
     D:2: 773 daAuts
     D:1: 714 daAuts
     D:5: 641 daAuts
     D:3: 610 daAuts
